 Dungeon Crawl Stone Soup version 0.28.0-43-g3370ac3207 (webtiles) character file.

Game seed: 7943083484930736762

7807 pkoi the Carver (level 11, -3/97 HPs)
             Began as a Minotaur Fighter on Mar 14, 2022.
             Was an Initiate of Yredelemnul.
             Slain by a komodo dragon (9 damage)
             ... on level 1 of the Lair of Beasts.
             The game lasted 00:15:24 (10984 turns).

pkoi the Carver (Minotaur Fighter)                 Turns: 10984, Time: 00:15:24

Health: -3/97      AC: 12    Str: 28    XL:     11   Next: 1%
Magic:  0/16       EV: 10    Int:  7    God:    Yredelemnul [......]
Gold:   1382       SH:  5    Dex:  9    Spells: 10/10 levels left

rFire   . . .      SeeInvis .   a - +1 long sword
rCold   + . .      Faith    .   c - +0 buckler
rNeg    + . .      Spirit   +   D - +2 swamp dragon scales
rPois   +          Reflect  .   (helmet unavailable)
rElec   .          Harm     .   (no cloak)
rCorr   .          Rampage  .   m - +0 pair of gloves
Will    .....                   (no boots)
Stlth   ..........              i - amulet of guardian spirit
HPRegen 0.26/turn               j - ring of positive energy
MPRegen 0.15/turn               o - ring of protection from cold

@: studying Short Blades, invisible (expiring)
A: horns 3, retaliatory headbutt, clever 1, strong 1
a: Renounce Religion, Recall Undead Harvest


You were on level 1 of the Lair of Beasts.
You worshipped Yredelemnul.
Yredelemnul was aware of your devotion.
You visited 2 branches of the dungeon, and saw 10 of its levels.
You also visited: Ossuary.

You collected 1463 gold pieces.
You spent 81 gold pieces at shops.

Inventory:

Hand Weapons
 a - a +1 long sword (weapon)
Missiles
 e - 9 javelins (quivered)
Armour
 b - a +0 scale mail
 c - a +0 buckler (worn)
 m - a +0 pair of gloves (worn)
 D - +2 swamp dragon scales (worn)
Jewellery
 f - an amulet of faith
 i - an amulet of guardian spirit (around neck)
 j - a ring of positive energy (left hand)
 o - a ring of protection from cold (right hand)
 v - a ring of see invisible
 A - an amulet of magic regeneration
 B - a ring of flight
 G - a +6 ring of dexterity
Wands
 l - a wand of iceblast (1)
 r - a wand of polymorph (5)
Scrolls
 g - 2 scrolls of immolation
 h - 5 scrolls of teleportation
 k - a scroll of holy word
 t - 5 scrolls of fog
 w - 2 scrolls of magic mapping
 y - a scroll of enchant weapon
 z - a scroll of summoning
 F - 2 scrolls of identify
Potions
 d - a potion of might
 n - a potion of invisibility
 p - a potion of heal wounds
 q - 4 potions of curing
 s - 2 potions of flight
 u - 3 potions of magic
 x - a potion of haste
 C - 2 potions of resistance


   Skills:
 - Level 9.0 Fighting
 + Level 10.9 Long Blades
 - Level 3.0 Throwing
 - Level 6.0 Armour
 - Level 6.0 Shields
 + Level 8.8 Invocations
 + Level 6.0 Evocations


You had 10 spell levels left.
You didn't know any spells.
Your spell library contained the following spells:

 Spells                   Type           Power      Damage    Failure   Level
 Freeze                   Ice            0%         1d3       63%         1
 Blink                    Tloc           0%         N/A       77%         2
 Frozen Ramparts          Ice            0%         1d2       94%         3
 Gell's Gravitas          Tloc           0%         N/A       94%         3
 Lesser Beckoning         Tloc           0%         N/A       94%         3
 Teleport Other           Tloc           0%         N/A       94%         3
 Tukima's Dance           Hex            0%         N/A       94%         3
 Airstrike                Air            0%         N/A       100%        4
 Anguish                  Hex/Necr       0%         N/A       100%        4
 Hailstorm                Conj/Ice       0%         3d3       100%        4
 Ice Form                 Ice/Tmut       0%         N/A       100%        4
 Summon Ice Beast         Ice/Summ       0%         N/A       100%        4
 Summon Lightning Spire   Summ/Air       0%         N/A       100%        4
 Fireball                 Conj/Fire      0%         3d3       100%        5
 Lightning Bolt           Conj/Air       0%         1d11      100%        5
 Manifold Assault         Tloc           0%         N/A       100%        5
 Starburst                Conj/Fire      0%         6d3       100%        6
 Enfeeble                 Hex            0%         N/A       100%        7
 Ignition                 Fire           0%         3d3       100%        8


Dungeon Overview and Level Annotations

Branches:
Dungeon (9/15)             Temple (0/1) D:4            Lair (1/6) D:8
Ossuary (visited)
    Orc: D:9-12

Altars:
Uskayaw
Yredelemnul
Zin

Shops:
D:6 *   D:9 :

Annotations:
D:7 Harold


Innate Abilities, Weirdness & Mutations

You have a pair of large horns on your head.
You reflexively headbutt those who attack you in melee.
Your mind is acute. (Int +2)
Your muscles are strong. (Str +2)


Message History

* * * LOW HITPOINT WARNING * * *
Your bullfrog zombie hits the yak.
You barely miss the yak.
The yak is severely wounded.
Your bullfrog zombie hits the yak.
The yak closely misses you.
You completely miss the yak.
The yak is severely wounded.
Your bullfrog zombie hits the yak.
The yak barely misses you. You furiously retaliate!
You headbutt the yak!
You kill the yak!
Your Evocations skill increases to level 6!
You have reached level 11!
Okay, then.
Your bullfrog zombie hits the yak.
Your bullfrog zombie hits the yak but does no damage.
Your bullfrog zombie hits the yak but does no damage.
The komodo dragon bites your bullfrog zombie!!
Okay, then.
Aiming: Iceblast
Press: ? - help, Shift-Dir - straight line The mass of ice explodes!
The iceblast engulfs the yak!
The yak is moderately wounded.
You hear a bellow!
The yak gores you.
* * * LOW HITPOINT WARNING * * *
Unknown command.
Your bullfrog zombie hits the yak. x2
The komodo dragon bites your bullfrog zombie!
Your bullfrog zombie is destroyed!
You fade into invisibility!
The yak gores you but does no damage.
You enter the shallow water.
Moving in this stuff is going to be slow. ...and don't expect to remain undetected.
You flicker for a moment.
You block the yak's attack.
There is a staircase back to the Dungeon here.
The komodo dragon bites you!
You die...
Your body rises from the dead as a mindless zombie.

#.## #Y.#
#######Y##
##..≈.....# #
###..≈≈≈≈≈≈.#.#
...≈≈≈≈Y≈≈≈≈.#
..≈≈≈≈≈≈≈≈≈≈.#
...≈≈≈Yl.≈≈≈≈#
#.≈≈≈≈≈@.≈≈≈≈#
#..≈≈≈≈≈≈≈≈≈≈#
##.≈≈≈≈≈≈≈≈≈.#
#.≈≈≈≈≈≈≈≈≈.#
....≈≈≈≈≈≈...#
.........≈..##
....####....#
##.# ...##


You could see a komodo dragon and 4 yaks.

Vanquished Creatures
  A two-headed ogre (D:8)
  An elephant (D:8)
  Psyche (D:9)
  Prince Ribbit (D:9)
  A hornet (D:9)
  A vampire (D:9)
  A wyvern (D:4)
  A basilisk (D:8)
  12 yaks
  2 steam dragons
  An acid dragon (D:5)
  3 water moccasins
  An orc warrior (D:7)
  2 black bears
  A necrophage (D:7)
  6 wolves (Lair:1)
  3 centaurs
  A phantom (D:5)
  A kobold brigand (D:9)
  3 bullfrogs
  2 scorpions
  5 spriggan skeletons (D:9)
  4 killer bees (D:9)
  A centaur zombie (D:8)
  4 human zombies (Ossuary)
  A jelly (D:3)
  2 hounds
  2 orc priests
  A bullfrog skeleton (D:4)
  A bullfrog zombie (D:6)
  4 orc wizards
  A hound skeleton (D:4)
  4 mummies (Ossuary)
  2 howler monkey zombies (D:8)
  7 gnolls
  A howler monkey skeleton (D:6)
  10 adders
  2 shadow imps
  An ufetubus (D:4)
  4 worms
  3 dart slugs
  24 orcs
  11 ball pythons
  9 bats
  4 endoplasms
  4 giant cockroaches (D:1)
  2 goblins
  10 hobgoblins
  2 jackals (D:1)
  14 kobolds
  5 quokkas
  A frilled lizard (D:2)
  2 gnoll zombies (Ossuary)
  A goblin zombie (Ossuary)
  A hobgoblin zombie (Ossuary)
  5 rats
201 creatures vanquished.

Vanquished Creatures (collateral kills)
  2 water moccasins
  A tengu (D:8)
  A centaur (D:8)
  A kobold brigand (D:9)
  A gnoll sergeant (D:7)
  A troll skeleton (D:9)
  A spriggan skeleton (D:9)
  An orc wizard (D:9)
  A kobold (D:9)
10 creatures vanquished.

Vanquished Creatures (others)
  A human zombie (D:9)
  2 water moccasin zombies (D:9)
  A yak zombie (D:8)
  A bullfrog zombie (Lair:1)
  2 centaur zombies (D:9)
  A necrophage zombie (D:7)
  A hound zombie (D:5)
  A steam dragon zombie (D:8)
  A gnoll zombie (D:7)
  A ball python zombie (D:3)
  A hobgoblin zombie (D:2)
  4 kobold zombies (D:9)
  9 orc zombies
  2 fungi
  A plant (D:4)
29 creatures vanquished.

Grand Total: 240 creatures vanquished

Notes
Turn   | Place    | Note
-------+----------+-------------------------------------------
     0 | D:1      | pkoi the Minotaur Fighter began the quest for the Orb.
     0 | D:1      | Reached XP level 1. HP: 19/19 MP: 0/0
   192 | D:1      | Reached XP level 2. HP: 27/27 MP: 1/1
   407 | D:1      | Reached skill level 3 in Long Blades
   562 | D:1      | Found a faded altar of an unknown god.
   569 | D:1      | Prayed at the altar of an unknown god.
   569 | D:1      | Became a worshipper of Yredelemnul the Dark
   569 | D:1      | Reached * piety under Yredelemnul
   621 | D:1      | Reached XP level 3. HP: 30/33 MP: 2/2
   707 | D:1      | Found a glowing silver altar of Zin.
   963 | D:1      | Reached ** piety under Yredelemnul
  1593 | D:2      | Reached skill level 1 in Throwing
  1610 | D:2      | Reached XP level 4. HP: 40/40 MP: 3/3
  1779 | D:2      | Reached skill level 1 in Invocations
  2584 | D:3      | Reached skill level 4 in Long Blades
  2588 | D:3      | Reached XP level 5. HP: 47/47 MP: 5/5
  2595 | D:3      | Reached skill level 1 in Evocations
  2763 | D:3      | You fall into a shaft and drop 2 floors!
  2763 | D:5      | Entered Level 5 of the Dungeon
  2843 | D:5      | Noticed a water moccasin
  2850 | D:5      | Killed a water moccasin
  2851 | D:5      | Reached XP level 6. HP: 41/53 MP: 6/6
  3022 | D:5      | Reached skill level 5 in Long Blades
  3369 | D:5      | Noticed an acid dragon
  3383 | D:5      | Gained mutation: You have a pair of large horns on your
                  | head. [potion of mutation]
  3383 | D:5      | Gained mutation: Your mind is acute. (Int +2) [potion of
                  | mutation]
  3383 | D:5      | Gained mutation: Your muscles are strong. (Str +2) [potion
                  | of mutation]
  3388 | D:5      | Killed an acid dragon
  3388 | D:5      | HP: 1/55 [scorpion (6)]
  3389 | D:5      | Reached skill level 5 in Fighting
  3389 | D:5      | Reached XP level 7. HP: 1/61 MP: 0/8
  4018 | D:4      | Noticed a wyvern
  4027 | D:4      | Killed a wyvern
  4477 | D:4      | Reached skill level 6 in Long Blades
  4532 | D:4      | Found a staircase to the Ecumenical Temple.
  5074 | D:6      | Reached XP level 8. HP: 62/69 MP: 8/10
  5335 | D:6      | Found Vemuzeug's Assorted Antiques.
  5351 | D:6      | Bought a scroll labelled XASUYNG XEER for 28 gold pieces
  5351 | D:6      | Bought a scroll labelled KIVECL BUOJUIJY for 28 gold pieces
  5351 | D:6      | Bought a metallic yellow potion for 25 gold pieces
  5923 | D:7      | Reached skill level 5 in Invocations
  5991 | D:7      | Reached skill level 7 in Long Blades
  6342 | D:7      | Noticed Harold
  6343 | D:7      | Noticed a boulder beetle
  6344 | D:7      | Noticed a troll
  6346 | D:7      | Noticed a two-headed ogre
  6874 | D:8      | Noticed a two-headed ogre
  6885 | D:8      | Killed a two-headed ogre
  6886 | D:8      | Reached skill level 8 in Long Blades
  6886 | D:8      | Reached XP level 9. HP: 61/78 MP: 8/12
  6922 | D:8      | Found a sand-covered staircase.
  6948 | Ossuary  | Entered an ossuary
  7520 | D:8      | Found a staircase to the Lair.
  7521 | D:8      | Noticed an elephant
  7544 | D:8      | Reached skill level 9 in Long Blades
  7920 | D:8      | Identified the +7 quarterstaff of Youthful Indiscretion
                  | {flame, Contam rN+ Str+4}
  8564 | D:8      | Noticed Maggie
  8567 | D:8      | Noticed Maggie
  8567 | D:8      | Maggie changed into Maggie the tengu
  8575 | D:8      | Killed Maggie the tengu
  8787 | D:8      | Reached *** piety under Yredelemnul
  8789 | D:8      | Reached skill level 10 in Long Blades
  8789 | D:8      | Reached XP level 10. HP: 69/88 MP: 12/14
  8799 | D:8      | Reached **** piety under Yredelemnul
  8803 | D:8      | Reached ***** piety under Yredelemnul
  8804 | D:8      | Reached skill level 5 in Evocations
  9033 | D:9      | Noticed Prince Ribbit
  9051 | D:9      | Killed Prince Ribbit
  9072 | D:9      | Identified a scroll of acquirement
  9072 | D:9      | Acquired 941 gold pieces
  9324 | D:9      | Reached skill level 5 in Shields
  9372 | D:9      | Your ally Prince Ribbit died
  9606 | D:9      | Reached skill level 5 in Armour
  9818 | D:9      | Found Caimyd's Book Shoppe.
 10475 | D:9      | Noticed Psyche
 10486 | D:9      | Killed Psyche
 10666 | D:9      | Found a hide-covered altar of Uskayaw.
 10805 | D:8      | Killed an elephant
 10827 | Lair:1   | Entered Level 1 of the Lair of Beasts
 10923 | Lair:1   | HP: 3/91 [bullfrog (2)]
 10965 | Lair:1   | Reached XP level 11. HP: 5/97 MP: 1/16
 10968 | Lair:1   | HP: 2/97 [yak (5)]
 10984 | Lair:1   | Slain by a komodo dragon

Illustrated notes

Levels and vault maps discovered:
D:1:      co_arrival_random_square_maze, layout_loops_ring,
          dreamdust_ecumenical_altar_angels_and_demons, kennysheep_flooded_box
D:2:      layout_loops_corners, minmay_snake_closets
D:3:      layout_loops_ring
D:4:      layout_basic, minmay_temple_entry_overgrown
D:5:      layout_loops_ring
D:6:      layout_basic, serial_shops, shop
D:7:      layout_cave_pods, serial_shops, shop, minmay_manual_mess, uniq_harold
D:8:      layout_loops_ring, david_lair_generic, nicolae_ossuary_entry_plus,
          grunt_decor_mini_mirrors, uniq_maggie
D:9:      layout_long_grid, mainiacjoe_overflow_chevrons, serial_shops, shop,
          hangedman_tell_no_tales, uniq_prince_ribbit1, uniq_psyche
Lair:1:   layout_misc_corridors, grunt_forest_small_clearing_treed,
          grunt_megastairs_4, serial_bayou_shore_a, infiniplex_staircase_pool_2

Skill      XL: |  1  2  3  4  5  6  7  8  9 10 |
---------------+-------------------------------+-----
Long Blades    | 3 4 5 6 8 10 | 10.9
Armour         | 4 6 |  6.0
Shields        | 4 6 |  6.0
Fighting       | 4 5 6 7 9 |  9.0
Throwing       | 1 2 3 |  3.0
Invocations    | 1 2 3 4 6 7 8 |  8.8
Evocations     | 1 2 3 4 6 |  6.0

Action                   |  1- 3 |  4- 6 |  7- 9 | 10-12 || total
-------------------------+-------+-------+-------+-------++-------
Melee: Long sword        |   113 |    85 |   247 |   195 ||   640
       Headbutt          |    14 |    12 |    50 |    34 ||   110
Invok: Recall Undead Har |       |       |     1 |       ||     1
Evoke: Wand              |       |     1 |     6 |     2 ||     9
  Use: Potion            |       |     2 |     3 |     4 ||     9
       Scroll            |       |       |    19 |     2 ||    21
 Stab: Distracted        |       |       |     1 |     2 ||     3
Armor: Scale mail        |    52 |    34 |   104 |       ||   190
       Swamp dragon scal |       |       |     2 |   108 ||   110
Dodge: Dodged            |    62 |    43 |    93 |    99 ||   297
Block: Buckler           |    35 |    22 |    49 |    62 ||   168
